 Dungeon Crawl Stone Soup version 0.31-a0-774-g0d66cbabe8 (webtiles) character file.

Game seed: 2381715122509030369

42 Shayle the Changeling (level 3, -1/36 HPs)
             Began as an Ogre Shapeshifter on Sept 17, 2023.
             Killed by divine providence
             ... invoked by an orc priest
              (10 damage)
             ... on level 3 of the Dungeon.
             The game lasted 00:03:42 (1092 turns).

Shayle the Changeling (Ogre Shapeshifter)           Turns: 1092, Time: 00:03:43

Health: -1/36      AC:  3    Str: 18    XL:     3   Next: 54%
Magic:  4/5        EV:  9    Int: 13    God:
Gold:   86         SH:  0    Dex:  8    Spells: 4/4 levels left

rFire   . .          .
                       - Unarmed
rCold   . . .        (no shield)
rNeg    . . .        a - +0 animal skin
rPois   .            (helmet currently unavailable)
rElec   .            (cloak currently unavailable)
rCorr   .            (gloves unavailable)
SInv    .            (boots unavailable)
Will    .....        (no amulet)
Stlth   +            (no ring)
HPRegen 0.26/turn    (no ring)
MPRegen 0.09/turn

%: no passive effects
@: beast-form
A: beast (slay +1), large, unfitting armour, tough skin 1
a: Begin Untransformation


You were on level 3 of the Dungeon.
You were a hulking beast.
You visited 1 branch of the dungeon, and saw 3 of its levels.

You collected 86 gold pieces.

Inventory:

Armour
 a - a +0 animal skin (worn)
Jewellery
 h - a ring of willpower
Talismans
 c - a beast talisman (active)
 d - a flux talisman
Scrolls
 g - a scroll of teleportation {unknown}
 i - a scroll of revelation {unknown}
Potions
 b - a potion of lignification
 e - a potion of invisibility {unknown}
 f - a potion of haste {unknown}


   Skills:
 + Level 2.5 Fighting
 - Level 1.7 Dodging
 + Level 3.1 Unarmed Combat
 + Level 1.3 Spellcasting
 + Level 3.3 Shapeshifting


You had 4 spell levels left.
You didn't know any spells.
Your spell library contained the following spells:

 Spells                   Type           Power      Damage    Failure   Level
 Magic Dart               Conj           0%         1d3       26%         1
 Call Imp                 Summ           0%         N/A       38%         2
 Cigotuvi's Dreadful Rot  Necr/Pois/Air  0%         N/A       38%         2
 Ignite Poison            Fire/Tmut/Pois 0%         N/A       63%         3
 Mephitic Cloud           Conj/Pois/Air  0%         N/A       63%         3
 Freezing Cloud           Conj/Ice/Air   0%         6-21      100%        5


Dungeon Overview and Level Annotations

Branches:
Dungeon (3/15)

Altars:


Innate Abilities, Weirdness & Mutations

You are a hulking beast.
Your limbs bulge with bestial killing power. (Slay +1)
You are too large for most types of armour.
You have tough skin. (AC +1)


Message History

You see here a rat corpse.
A goblin comes into view. It is wielding a +0 club.
Found 6 stones.
The goblin shouts!
The goblin completely misses you.
You punch the goblin!
You kill the goblin!
You see here a +0 club.
You see here 6 stones.
An orc comes into view. It is wielding a +0 short sword.
An orc priest comes into view. It is wielding a +0 mace.
The orc priest shouts!
The orc shouts!
The orc priest looks satisfied for a moment.
A hobgoblin and 2 orcs come into view.
The hobgoblin shouts!
The orc shouts!
The orc attacks as it pursues you! The orc closely misses you.
You hit the orc.
The orc is severely wounded.
The orc hits you with a +0 short sword. The orc hits you with a +0 dagger.
You barely miss the orc. You punch the orc.
You kill the orc!
The orc closely misses you.
You closely miss the orc priest. The orc hits you with a +0 dagger.
The orc priest hits you with a +0 mace!
You barely miss the orc priest. The orc priest hits you with a +0 mace.
The orc barely misses you.
You hit the orc priest but do no damage.
The orc priest hits you with a +0 mace. The orc hits you but does no damage.
You hit the orc priest.
The orc priest is lightly wounded.
The orc priest hits you with a +0 mace. The orc hits you but does no damage.
You hit the orc priest.
The orc priest is heavily wounded.
The orc priest hits you with a +0 mace. The orc hits you with a +0 dagger.
* * * LOW HITPOINT WARNING * * *
You hit the orc priest but do no damage.
The orc priest is heavily wounded.
The orc priest calls down the wrath of Beogh upon you.
Beogh smites you!
You die...

#.##.#... ...#...
######.#.## #..()....#<
#.####...#. ##
#.#####.##. .#
#.......##. ###.######.#
######..##. ....gooh...#
#.....
###.####o.#########.####
#..o..............#
#.###.############# ##


You could see an orc priest, 2 orcs and a hobgoblin.

Vanquished Creatures
  An adder (D:2)
  A dart slug (D:1)
  An orc (D:3)
  3 ball pythons
  An endoplasm (D:1)
  A giant cockroach (D:1)
  4 goblins
  3 hobgoblins
  A jackal (D:2)
  3 kobolds
  A quokka (D:1)
  4 bats
  A frilled lizard (D:1)
  3 rats
28 creatures vanquished.

Notes
Turn   | Place    | Note
-------+----------+-------------------------------------------
     0 | D:1      | Shayle the Ogre Shapeshifter began the quest for the Orb.
     0 | D:1      | Reached XP level 1. HP: 19/19 MP: 1/1
   204 | D:1      | Reached XP level 2. HP: 27/28 MP: 2/2
   326 | D:1      | Found a faded altar of an unknown god.
   391 | D:1      | Reached skill level 1 in Spellcasting
   862 | D:2      | Reached XP level 3. HP: 31/35 MP: 4/4
  1092 | D:3      | Killed from afar by an orc priest

Illustrated notes

Levels and vault maps discovered:
D:1:      sevenhm_arrival_forest_fort_small_6, layout_loops_cross,
          hellmonk_ecumenical_altar_leap_of_faith, hex_tiny,
          corexii_item_surrounded_by_moat
D:2:      layout_basic, basic_altar, grunt_decor_mini_mirrors, minmay_unequal
D:3:      layout_basic, nicolae_gozag_zags_fifth_avenue

Skill      XL: |  1  2 |
---------------+-------+-----
Fighting       | 2 |  2.5
Spellcasting   | 1 |  1.3
Unarmed Combat | 3 |  3.1
Dodging        | |  1.7
Shapeshifting  | |  3.3

Action                     || total
---------------------------++-------
  Melee: Unarmed           ||    86
         Punch             ||     3
   Stab: Sleeping          ||     1
 Armour: Animal skin       ||    63
  Dodge: Dodged            ||    36

Table legend: (Time is in decaauts)
 A = Elapsed time spent in this place.
 B = Non-inter-level travel time spent in this place.
 C = Inter-level travel time spent in this place.
 D = Time resting spent in this place.
 E = Time spent auto-exploring this place.
 F = Levels seen in this place.
 G = Mean time per level.
                   A        B        C        D        E       F      G
               +--------+--------+--------+--------+--------+-----+--------+
         Total |   1086 |   1067 |     19 |      0 |    814 |   3 |  362.0 |
       Dungeon |   1086 |   1067 |     19 |      0 |    814 |   3 |  362.0 |
               +--------+--------+--------+--------+--------+-----+--------+

Top non-repeatable levels by time:
     D:1: 704 daAuts
     D:2: 329 daAuts
     D:3: 52 daAuts
